 Dungeon Crawl Stone Soup version 0.23.2-1-ga50397a6bc (webtiles) character file.

Game seed: 4427156301649781049

10239 Freyura the Blocker (level 11, -4/71 HPs)
             Began as a Gargoyle Fighter on May 5, 2019.
             Was an Elder of Vehumet.
             Shot with an arrow by a centaur warrior (12 damage)
             ... on level 9 of the Dungeon.
             The game lasted 00:56:37 (8058 turns).

Freyura the Blocker (Gargoyle Fighter)              Turns: 8058, Time: 00:56:38

Health: -4/71      AC: 16    Str: 19    XL:     11   Next: 59%
Magic:  5/19       EV: 11    Int: 23    God:    Vehumet [****..]
Gold:   561        SH:  0    Dex: 10    Spells: 8/21 levels left

rFire    . . .     SeeInvis +   z - +10 rapier of Mumpen {freeze, rC+ Int+7}
rCold    + . .     Gourm    .   (no shield)
rNeg     + . .     Faith    .   g - +2 robe {Archmagi}
rPois    ∞         Spirit   .   (no helmet)
rElec    +         Reflect  .   a - +0 cloak
rCorr    .         Harm     .   w - +2 pair of gloves
MR       .....                  (no boots)
Stlth    +.........             (no amulet)
HPRegen  0.21/turn              B - +4 ring of intelligence
MPRegen  0.16/turn              D - ring of see invisible

@: no status effects
A: negative energy resistance 1, electricity resistance, unbreathing,
petrification resistance, rot immunity, AC +8
a: Renounce Religion


You were on level 9 of the Dungeon.
You worshipped Vehumet.
Vehumet was greatly pleased with you.
You were hungry.

You visited 2 branches of the dungeon, and saw 10 of its levels.

You collected 561 gold pieces.

Inventory:

Hand Weapons
 r - a +6 whip of electrocution
 z - the +10 rapier of Mumpen (weapon) {freeze, rC+ Int+7}
   (You found it on level 7 of the Dungeon)

   It has been specially enchanted to freeze those struck by it, causing extra
   injury to most foes and up to half again as much damage against particularly
   susceptible opponents.
   It can also slow down cold-blooded creatures.
   It affects your intelligence (+7).
   It protects you from cold.
Armour
 a - a +0 cloak (worn)
 b - the +0 leather armour of the Monkey {Int-4 Dex+10 Stlth+}
   (You found it on level 4 of the Dungeon)

   It affects your intelligence (-4).
   It affects your dexterity (+10).
   It makes you more stealthy.
 c - a +0 shield
 g - a +2 robe of the Archmagi (worn)
 w - a +2 pair of gloves (worn)
Jewellery
 e - a +3 ring of evasion
 p - a +3 ring of protection
 u - an uncursed ring of resist corrosion
 B - a +4 ring of intelligence (left hand)
 D - a ring of see invisible (right hand)
Wands
 l - a wand of clouds (3)
 m - a wand of disintegration (7)
 A - a wand of digging (8)
Scrolls
 h - 6 scrolls of identify
 j - 5 scrolls of fog
 k - 5 scrolls of magic mapping
 o - 3 scrolls of remove curse
 q - 2 scrolls of blinking
 v - 2 scrolls of teleportation
 x - a scroll of enchant weapon
 y - a scroll of amnesia
Potions
 d - 2 potions of agility
 i - a potion of heal wounds
 n - 2 potions of flight
 s - a potion of ambrosia
 t - 3 potions of curing
 C - a potion of mutation {unknown}
Comestibles
 f - 19 rations


   Skills:
 + Level 9.0 Fighting
 + Level 4.7 Short Blades
 - Level 9.2 Maces & Flails
 - Level 3.5 Armour
 - Level 9.3 Shields
 + Level 5.5 Spellcasting
 * Level 7.5 Conjurations
 + Level 1.9 Evocations


You had 8 spell levels left.
You knew the following spells:

 Your Spells              Type           Power        Failure   Level  Hunger
a - Shock                 Conj/Air       ####         1%          1    None
b - Conjure Flame         Conj/Fire      #####...     1%          3    ##.....
c - Sticky Flame          Conj/Fire      #####...     5%          4    ####...
d - Fireball              Conj/Fire      #####.....   14%         5    #####..

Your spell library contained the following spells:

 Spells                   Type           Power        Failure   Level  Hunger
 Irradiate                Conj/Tmut      #####.....   14%         5    #####..
 Flame Tongue             Conj/Fire      #####        1%          1    None
 Magic Dart               Conj           ####         1%          1    None
 Throw Flame              Conj/Fire      #####.       1%          2    None
 Mephitic Cloud           Conj/Pois/Air  ####....     2%          3    ##.....
 Inner Flame              Hex/Fire       #.......     7%          3    ##.....
 Blink                    Tloc           N/A          14%         2    None
 Call Imp                 Summ           #.......     14%         2    None
 Slow                     Hex            #.......     14%         2    None


Dungeon Overview and Level Annotations

Branches:
Dungeon (9/15)             Temple (1/1) D:5
   Lair: D:8-11         Orc: D:9-12

Altars:
Ashenzari
Cheibriados
Dithmenos
Elyvilon
Fedhas
Gozag
Hepliaklqana
Kikubaaqudgha
Makhleb
Nemelex Xobeh
Okawaru
Qazlal
Ru
Sif Muna
Trog
Uskayaw
Vehumet
Wu Jian
Xom
Zin
The Shining One

Shops:
D:6 !   D:8 [

Annotations:
D:3 2 transporters
D:9 exclusion: obsidian statue


Innate Abilities, Weirdness & Mutations

You are resistant to torment.
Your stone body is resilient. (AC +8)
You are immune to poison.
You resist negative energy. (rN+)
You are resistant to electric shocks. (rElec)
You can survive without breathing.
You are immune to petrification.
You are immune to rotting.


Message History

The fireball engulfs the centaur warrior!
The centaur warrior is severely wounded.
The centaur warrior shoots an arrow.
The arrow barely misses you.
The centaur warrior shoots an arrow.
The arrow hits you!!
You see here an arrow.
You are too injured to fight recklessly!
You are too injured to fight recklessly!
You are too injured to fight recklessly!
The centaur warrior shoots an arrow.
The arrow hits you!
* * * LOW HITPOINT WARNING * * *
The centaur warrior shoots an arrow.
The arrow hits you.
* * * LOW HITPOINT WARNING * * *
You see here an arrow.
The centaur warrior shoots an arrow.
The arrow barely misses you.
You see here an arrow.
The centaur warrior shoots an arrow.
The arrow misses you.
The centaur warrior shoots an arrow.
The arrow barely misses you.
You see here 2 arrows.
The centaur warrior shoots an arrow.
The arrow hits you!
You die...

#.....##.......######## ....
...............#......# .###.
...(...........(......# .##.##
#.....##.......#(.....+ ##...#
#.....##.......#......# #.....
..............<#(.....# ##....
...............#(.....# #.##...
...............+(.....# #..##..
#..............#@.c...# ###...##.
#.........########..$.# ......#..
#.....##### .#### ......###
###'###...# .. .........
.........## ..# #........
..........# ## #..##....
....##....# #..##....
....##....######## #..##....
....##...........########..##....


You could see a centaur warrior.

Vanquished Creatures
  Harold (D:8)
  A centaur warrior (D:9)
  2 two-headed ogres (D:8)
  The ghost of zodiitti the Cleaver, a novice DDFi of Makhleb (D:6)
  An ice statue (D:9)
  Psyche (D:8)
  Grinder (D:5)
  2 hornets (D:8)
  5 yaks (D:9)
  3 hungry ghosts
  Grum (D:8)
  Duvessa (D:5)
  4 orc warriors
  2 ice beasts
  2 sky beasts (D:8)
  2 necrophages
  4 phantoms
  6 ogres
  3 wolves (D:8)
  2 centaurs
  A big kobold (D:9)
  Blork the orc (D:6)
  A gnoll sergeant (D:9)
  2 bullfrogs (D:8)
  A wyvern zombie (D:8)
  Dowan (D:5)
  4 scorpions
  4 killer bees
  A crimson imp (D:9)
  2 centaur zombies
  A bullfrog zombie (D:6)
  6 orc priests
  3 bullfrog skeletons
  7 hounds
  A jelly (D:9)
  A centaur skeleton (D:9)
  Jessica (D:3)
  7 orc wizards
  3 iguanas
  10 worker ants
  A killer bee zombie (D:7)
  A hound skeleton (D:7)
  A mummy (D:9)
  17 adders
  3 gnolls (D:5)
  A howler monkey skeleton (D:4)
  2 shadow imps
  An ooze (D:3)
  3 worms
  4 dart slugs
  3 leopard geckos
  38 orcs
  6 ball pythons
  4 bats
  6 giant cockroaches
  9 goblins
  6 hobgoblins
  11 jackals
  3 quokkas
  4 frilled lizards
  12 kobolds
  A leopard gecko skeleton (D:5)
  A quokka skeleton (D:8)
  5 rats
246 creatures vanquished.

Vanquished Creatures (others)
  A sky beast (D:8)
1 creature vanquished.

Grand Total: 247 creatures vanquished

Notes
Turn   | Place    | Note
-------+----------+-------------------------------------------
     0 | D:1      | Freyura the Gargoyle Fighter began the quest for the Orb.
     0 | D:1      | Reached XP level 1. HP: 14/14 MP: 1/1
   201 | D:1      | Reached XP level 2. HP: 16/19 MP: 2/2
   641 | D:2      | Reached XP level 3. HP: 13/23 MP: 3/3
   951 | D:2      | Reached XP level 4. HP: 18/29 MP: 5/5
  1115 | D:2      | Found an iron altar of Okawaru.
  1245 | D:2      | Reached skill level 1 in Spellcasting
  1404 | D:3      | Noticed Jessica
  1410 | D:3      | Killed Jessica
  1448 | D:3      | Reached XP level 5. HP: 33/33 MP: 6/6
  1663 | D:3      | Found a transporter.
  1896 | D:3      | Found a transporter.
  2163 | D:4      | Got a distressingly furry leather armour
  2174 | D:4      | Identified the cursed +0 leather armour of the Monkey
                  | {Int-4 Dex+10 Stlth+} (You found it on level 4 of the
                  | Dungeon)
  2190 | D:4      | Reached XP level 6. HP: 39/39 MP: 7/7
  2625 | D:4      | Reached skill level 5 in Maces & Flails
  2831 | D:4      | Reached skill level 5 in Shields
  2831 | D:4      | Reached XP level 7. HP: 44/44 MP: 8/8
  2835 | D:4      | Reached skill level 5 in Fighting
  2939 | D:4      | Found an ancient bone altar of Kikubaaqudgha.
  3254 | D:5      | Entered Level 5 of the Dungeon
  3270 | D:5      | Reached XP level 8. HP: 51/51 MP: 9/9
  3305 | D:5      | Found a staircase to the Ecumenical Temple.
  3310 | Temple   | Entered the Ecumenical Temple
  3508 | Temple   | Became a worshipper of Vehumet
  3770 | D:5      | Noticed Duvessa
  3771 | D:5      | Noticed Dowan
  3779 | D:5      | Killed Duvessa
  3830 | D:5      | Killed Dowan
  3998 | D:5      | Reached * piety under Vehumet
  3998 | D:5      | Offered knowledge of Shock by Vehumet.
  4001 | D:5      | Learned a level 1 spell: Shock
  4052 | D:5      | Found an opulent altar of Gozag.
  4101 | D:5      | Noticed Grinder
  4104 | D:5      | Paralysed by Grinder for 6 turns
  4120 | D:5      | Killed Grinder
  4120 | D:5      | Reached skill level 1 in Conjurations
  4120 | D:5      | Reached XP level 9. HP: 40/56 MP: 11/13
  4411 | D:6      | Found Wymia's Distillery.
  4594 | D:6      | Found a hazy altar of Hepliaklqana.
  4722 | D:6      | Found a runed translucent door.
  4722 | D:6      | Noticed zodiitti's ghost (novice DDFi)
  4739 | D:6      | Killed zodiitti's ghost
  4834 | D:6      | Reached ** piety under Vehumet
  4834 | D:6      | Offered knowledge of Throw Frost by Vehumet.
  4834 | D:6      | Noticed Blork the orc
  4847 | D:6      | Killed Blork the orc
  5368 | D:7      | Reached XP level 10. HP: 63/63 MP: 15/15
  5418 | D:7      | Got a scorched rapier
  5419 | D:7      | Identified the +10 rapier of Mumpen {freeze, rC+ Int+7}
                  | (You found it on level 7 of the Dungeon)
  5721 | D:8      | Noticed Psyche
  5740 | D:8      | Killed Psyche
  5740 | D:8      | Reached skill level 1 in Short Blades
  6057 | D:8      | Noticed a two-headed ogre
  6066 | D:8      | Killed a two-headed ogre
  6066 | D:8      | Reached skill level 5 in Conjurations
  6085 | D:8      | Offered knowledge of Dazzling Spray by Vehumet.
  6113 | D:8      | Found Rauthrucw's Armour Shop.
  6202 | D:8      | Reached *** piety under Vehumet
  6303 | D:8      | Noticed Harold
  6345 | D:8      | Killed Harold
  6345 | D:8      | Reached XP level 11. HP: 54/69 MP: 18/18
  6498 | D:8      | Noticed a two-headed ogre
  6509 | D:8      | Killed a two-headed ogre
  6509 | D:8      | Reached skill level 5 in Spellcasting
  6776 | D:8      | Noticed Grum
  6796 | D:8      | Killed Grum
  6964 | D:9      | Learned a level 3 spell: Conjure Flame
  6969 | D:9      | Learned a level 4 spell: Sticky Flame
  6975 | D:9      | Learned a level 5 spell: Fireball
  7027 | D:9      | Offered knowledge of Force Lance by Vehumet.
  7497 | D:9      | Reached skill level 1 in Evocations
  7625 | D:9      | Noticed a centaur warrior
  7658 | D:9      | Reached **** piety under Vehumet
  7686 | D:9      | Killed a centaur warrior
  7990 | D:9      | Noticed an obsidian statue
  8026 | D:9      | Found a snail-covered altar of Cheibriados.
  8033 | D:9      | Offered knowledge of Irradiate by Vehumet.
  8049 | D:9      | Noticed a centaur warrior
  8058 | D:9      | Shot with an arrow by a centaur warrior

Skill      XL: |  1  2  3  4  5  6  7  8  9 10 11 |
---------------+----------------------------------+-----
Maces & Flails | 3 4 5 6 7 9 |  9.2
Spellcasting   | 1 2 3 4 5 |  5.5
Shields        | 4 5 6 7 9 |  9.3
Fighting       | 4 5 6 7 8 9 |  9.0
Conjurations   | 1 3 5 7 |  7.5
Short Blades   | 3 4 |  4.7
Evocations     | 1 |  1.9
Armour         | |  3.5

Action                   |  1- 3 |  4- 6 |  7- 9 | 10-12 || total
-------------------------+-------+-------+-------+-------++-------
Melee: Flail             |   147 |    17 |       |       ||   164
       Whip              |       |   139 |   282 |     7 ||   428
       Rapier            |       |       |       |   273 ||   273
 Cast: Fireball          |       |       |       |     3 ||     3
  Use: Potion            |     1 |       |     3 |     2 ||     6
       Scroll            |       |    17 |     5 |     4 ||    26
 Stab: Sleeping          |       |     3 |     3 |     2 ||     8
       Distracted        |       |     1 |       |       ||     1
  Eat: Chunk             |       |     4 |     4 |     6 ||    14
       Ration            |       |     2 |       |     2 ||     4
Armor: Robe              |    51 |    37 |       |    56 ||   144
       Scale mail        |     2 |       |       |       ||     2
       Leather armour    |       |     5 |    72 |    53 ||   130
Dodge: Dodged            |    84 |    73 |    59 |   112 ||   328
Block: Shield            |    87 |    53 |   118 |    92 ||   350
